ITL
INDIANA HOUNDS @ DETROIT X-WINGS
09/06/2030
 
TOP OF THE 1ST
Indiana Hounds batting - Pitching for Detroit X-Wings : RHP Júlio Ruíz
Pitching: RHP Júlio Ruíz
Batting: RHB Henry Haines 0-0: Foul Ball, location: 2F
0-1: Swinging Strike
0-2: Foul Ball, location: 2F
0-2: Strikes out swinging
Batting: LHB Manny Hernández 0-0: Ball
1-0: Swinging Strike
1-1: Foul Ball, location: 2F
1-2: Foul Ball, location: 2F
1-2: Ball
2-2: Fly out, F7 (Line Drive, 7)
Batting: RHB Marlon Hernández 0-0: Ball
1-0: Foul Ball, location: 2F
1-1: SINGLE (Line Drive, 7S)
Batting: RHB Domingo Romero 0-0: Ball
1-0: Ball
2-0: Called Strike
2-1: Called Strike
2-2: Fly out, F1 (Line Drive, 13)
Top of the 1st over - 0 runs, 1 hit, 0 errors, 1 left on base; Indiana 0 - Detroit 0
BOTTOM OF THE 1ST
Detroit X-Wings batting - Pitching for Indiana Hounds : LHP Kent Robinson
Pitching: LHP Kent Robinson
Batting: SHB Jason Mason 0-0: Ball
1-0: Ball
2-0: Swinging Strike
2-1: Ground out 6-3 (Groundball, 6)
Batting: RHB Enrique Aguilar 0-0: Ball
1-0: Ground out 6-3 (Groundball, 6)
Batting: LHB Juan Jose Pineda 0-0: Called Strike
0-1: Foul Ball, location: 2F
0-2: Foul Ball, location: 2F
0-2: Ball
1-2: Ball
2-2: Ball
3-2: Foul Ball, location: 2F
3-2: Base on Balls
Batting: SHB Barrett Bowden 0-0: Called Strike
0-1: Swinging Strike
0-2: Ball
1-2: Fly out, F3 (Line Drive, 3L)
Bottom of the 1st over - 0 runs, 0 hits, 0 errors, 1 left on base; Indiana 0 - Detroit 0
TOP OF THE 2ND
Indiana Hounds batting - Pitching for Detroit X-Wings : RHP Júlio Ruíz
Batting: RHB Víctor Márquez 0-0: Foul Ball, location: 2F
0-1: Ball
1-1: Ball
2-1: Foul Ball, location: 2F
2-2: Foul Ball, location: 2F
2-2: Strikes out looking
Batting: RHB Remi Eruzione 0-0: Called Strike
0-1: Ball
1-1: SINGLE (Line Drive, 8LS)
Batting: LHB T.J. Richardson 0-0: Ball
1-0: Ball
2-0: Called Strike
2-1: Swinging Strike
2-2: Ball
3-2: Strikes out swinging
Batting: RHB Octávio Zúñiga 0-0: Called Strike
0-1: Foul Ball, location: 2F
0-2: Ball
Remi Eruzione steals 2nd base
1-2: Ball
2-2: Strikes out swinging
Top of the 2nd over - 0 runs, 1 hit, 0 errors, 1 left on base; Indiana 0 - Detroit 0
BOTTOM OF THE 2ND
Detroit X-Wings batting - Pitching for Indiana Hounds : LHP Kent Robinson
Batting: RHB José Pérez 0-0: Ball
1-0: Called Strike
1-1: Fly out, F8 (Flyball, 89M)
Batting: RHB Donato Gozende 0-0: Ball
1-0: Ground out 6-3 (Groundball, 6)
Batting: RHB Alfredo Villegas 0-0: Foul Ball, location: 2F
0-1: Foul Ball, location: 2F
0-2: Ball
1-2: SINGLE (Groundball, 56D)
Batting: RHB Daniel Riddle 0-0: Ball
Alfredo Villegas steals 2nd base
1-0: Foul Ball, location: 2F
1-1: Foul Ball, location: 2F
1-2: SINGLE (Line Drive, 6D)
Alfredo Villegas to third
Runner from 3rd tries for Home, SAFE, no throw
Batting: LHB Paul Alston 0-0: Ball
1-0: Ball
2-0: SINGLE (Groundball, 6D)
Daniel Riddle to second
Batting: SHB Jason Mason 0-0: Ball
1-0: Foul Ball, location: 2F
1-1: Foul Ball, location: 2F
1-2: Ball
2-2: Strikes out swinging
Bottom of the 2nd over - 1 run, 3 hits, 0 errors, 2 left on base; Indiana 0 - Detroit 1
TOP OF THE 3RD
Indiana Hounds batting - Pitching for Detroit X-Wings : RHP Júlio Ruíz
Batting: RHB Manuel Alonso 0-0: Ball
1-0: Foul Ball, location: 2F
1-1: Swinging Strike
1-2: Foul Ball, location: 2F
1-2: Ball
2-2: Foul Ball, location: 2F
2-2: Foul Ball, location: 2F
2-2: SINGLE (Flyball, 9LS)
Batting: RHB Henry Haines 0-0: DOUBLE (Line Drive, 89D)
Manuel Alonso to third
Batting: LHB Manny Hernández 0-0: Ball
1-0: Called Strike
1-1: Ball
2-1: Foul Ball, location: 2F
2-2: Strikes out swinging
Batting: RHB Marlon Hernández 0-0: Called Strike
0-1: Ball
1-1: Ball
2-1: Ball
3-1: Base on Balls
Batting: RHB Domingo Romero 0-0: Foul Ball, location: 2F
0-1: Foul Ball, location: 2F
0-2: Ball
1-2: Ball
2-2: Foul Ball, location: 2F
2-2: Ball
3-2: Base on Balls
Manuel Alonso scores
Henry Haines to third
Marlon Hernández to second
Batting: RHB Víctor Márquez 0-0: Ball
1-0: Ball
2-0: Foul Ball, location: 2F
2-1: Ball
3-1: Foul Ball, location: 2F
3-2: Base on Balls
Henry Haines scores
Marlon Hernández to third
Domingo Romero to second
Batting: RHB Remi Eruzione 0-0: Ball
1-0: Ball
2-0: Foul Ball, location: 2F
2-1: Foul Ball, location: 2F
2-2: Foul Ball, location: 2F
2-2: Fly out, F9 (Flyball, 89S)
Runner from 3rd tags up, SCORES, no throw
Batting: LHB T.J. Richardson 0-0: Ball
1-0: Called Strike
1-1: Foul Ball, location: 2F
1-2: Foul Ball, location: 2F
1-2: Strikes out swinging
Top of the 3rd over - 3 runs, 2 hits, 0 errors, 2 left on base; Indiana 3 - Detroit 1
BOTTOM OF THE 3RD
Detroit X-Wings batting - Pitching for Indiana Hounds : LHP Kent Robinson
Batting: RHB Enrique Aguilar 0-0: Ball
1-0: Ball
2-0: Ball
3-0: Base on Balls
Batting: LHB Juan Jose Pineda 0-0: Fly out, F8 (Flyball, 8LM)
Batting: SHB Barrett Bowden 0-0: Ball
1-0: Grounds into double play, 4-6-3 (Groundball, 4)
Bottom of the 3rd over - 0 runs, 0 hits, 0 errors, 0 left on base; Indiana 3 - Detroit 1
TOP OF THE 4TH
Indiana Hounds batting - Pitching for Detroit X-Wings : RHP Júlio Ruíz
Batting: RHB Octávio Zúñiga 0-0: Called Strike
0-1: Foul Ball, location: 2F
0-2: Ball
1-2: Ground out 6-3 (Groundball, 6)
Batting: RHB Manuel Alonso 0-0: Ball
1-0: Fly out, F5 (Flyball, 5D)
Batting: RHB Henry Haines 0-0: Ball
1-0: SINGLE (Flyball, 78M)
Batting: LHB Manny Hernández 0-0: Fielders Choice at 2nd, 5-4 (Groundball, 56)
Top of the 4th over - 0 runs, 1 hit, 0 errors, 1 left on base; Indiana 3 - Detroit 1
BOTTOM OF THE 4TH
Detroit X-Wings batting - Pitching for Indiana Hounds : LHP Kent Robinson
Batting: RHB José Pérez 0-0: Foul Ball, location: 2F
0-1: Ball
1-1: Foul Ball, location: 2F
1-2: Fly out, F9 (Flyball, 9)
Batting: RHB Donato Gozende 0-0: SINGLE (Line Drive, 89M)
Batting: RHB Alfredo Villegas 0-0: Called Strike
0-1: Ball
1-1: Ball
Passed Ball!
Donato Gozende to second
2-1: Fly out, F7 (Flyball, 7)
Batting: RHB Daniel Riddle 0-0: Swinging Strike
0-1: Ball
1-1: Ball
2-1: SINGLE (Line Drive, 6MD)
Donato Gozende to third
Runner from 3rd tries for Home, SAFE, no throw
Batting: LHB Paul Alston 0-0: Ball
1-0: SINGLE (Line Drive, 78M)
Daniel Riddle to second
Batting: SHB Jason Mason 0-0: Foul Ball, location: 2F
0-1: Called Strike
0-2: Strikes out swinging
Bottom of the 4th over - 1 run, 3 hits, 0 errors, 2 left on base; Indiana 3 - Detroit 2
TOP OF THE 5TH
Indiana Hounds batting - Pitching for Detroit X-Wings : RHP Júlio Ruíz
Batting: RHB Marlon Hernández 0-0: Ball
1-0: Called Strike
1-1: Ball
2-1: Ball
3-1: TRIPLE (Flyball, 8RD)
Batting: RHB Domingo Romero 0-0: Ball
1-0: Ball
2-0: Ball
3-0: Called Strike
3-1: Foul Ball, location: 2F
3-2: DOUBLE (Groundball, 5L)
Marlon Hernández scores
Pitching: LHP Clarence Skerratt
Batting: RHB Víctor Márquez 0-0: Ball
1-0: Ball
2-0: Ball
3-0: Base on Balls
Batting: RHB Remi Eruzione 0-0: Swinging Strike
0-1: Swinging Strike
0-2: Strikes out looking
Batting: LHB T.J. Richardson 0-0: Foul Ball, location: 2F
0-1: Ball
1-1: Foul Ball, location: 2F
1-2: Foul Ball, location: 2F
1-2: Hit by Pitch
Domingo Romero to third
Víctor Márquez to second
Batting: RHB Octávio Zúñiga 0-0: Foul Ball, location: 2F
0-1: SINGLE (Groundball, 34D)
Domingo Romero scores
Víctor Márquez to third
T.J. Richardson to second
Batting: RHB Manuel Alonso 0-0: Ball
1-0: Grounds into fielders choice 6-2 (Groundball, 56)
T.J. Richardson to third
Octávio Zúñiga to second
Batting: RHB Henry Haines 0-0: Called Strike
0-1: Fly out, F8 (Line Drive, 8LS)
Top of the 5th over - 2 runs, 3 hits, 0 errors, 3 left on base; Indiana 5 - Detroit 2
BOTTOM OF THE 5TH
Detroit X-Wings batting - Pitching for Indiana Hounds : LHP Kent Robinson
Batting: RHB Enrique Aguilar 0-0: Ball
1-0: Foul Ball, location: 2F
1-1: Ground out 4-3 (Groundball, 4S)
Batting: LHB Juan Jose Pineda 0-0: Ball
1-0: Fly out, F7 (Flyball, 7)
Batting: SHB Barrett Bowden 0-0: Ball
1-0: Foul Ball, location: 2F
1-1: Ball
2-1: Called Strike
2-2: Strikes out swinging
Bottom of the 5th over - 0 runs, 0 hits, 0 errors, 0 left on base; Indiana 5 - Detroit 2
TOP OF THE 6TH
Indiana Hounds batting - Pitching for Detroit X-Wings : LHP Clarence Skerratt
Batting: LHB Manny Hernández 0-0: Called Strike
0-1: Called Strike
0-2: Ball
1-2: Ball
2-2: Ground out 5-3 (Groundball, 56)
Pitching: LHP Richard Dorris
Batting: RHB Marlon Hernández 0-0: Ball
1-0: Swinging Strike
1-1: Swinging Strike
1-2: SINGLE (Groundball, 6MD)
Batting: RHB Domingo Romero 0-0: Foul Ball, location: 2F
0-1: Foul Ball, location: 2F
0-2: Ball
Marlon Hernández steals 2nd base
1-2: 2-RUN HOME RUN (Flyball, 7LD), Distance : 342 ft
Batting: RHB Víctor Márquez 0-0: Swinging Strike
0-1: Swinging Strike
0-2: Strikes out swinging
Batting: RHB Remi Eruzione 0-0: Swinging Strike
0-1: Ball
1-1: Foul Ball, location: 2F
1-2: Strikes out swinging
Top of the 6th over - 2 runs, 2 hits, 0 errors, 0 left on base; Indiana 7 - Detroit 2
BOTTOM OF THE 6TH
Detroit X-Wings batting - Pitching for Indiana Hounds : LHP Kent Robinson
Batting: RHB José Pérez 0-0: Ground out 5-3 (Groundball, 5D)
Batting: RHB Donato Gozende 0-0: Swinging Strike
0-1: Foul Ball, location: 2F
0-2: Strikes out swinging
Batting: RHB Alfredo Villegas 0-0: Foul Ball, location: 2F
0-1: Ball
1-1: DOUBLE (Groundball, 5L)
Batting: RHB Daniel Riddle 0-0: Foul Ball, location: 2F
0-1: Swinging Strike
0-2: Ball
1-2: Ground out 5-3 (Groundball, 5L)
Bottom of the 6th over - 0 runs, 1 hit, 0 errors, 1 left on base; Indiana 7 - Detroit 2
TOP OF THE 7TH
Indiana Hounds batting - Pitching for Detroit X-Wings : LHP Richard Dorris
Batting: LHB T.J. Richardson 0-0: Called Strike
0-1: Ground out 5-3 (Groundball, 56)
Pitching: RHP Domingo Rodríguez
Batting: RHB Octávio Zúñiga 0-0: Ball
1-0: Called Strike
1-1: Ball
2-1: Called Strike
2-2: Strikes out looking
Batting: RHB Manuel Alonso 0-0: Ball
1-0: Swinging Strike
1-1: SINGLE (Line Drive, 6MD)
Batting: RHB Henry Haines 0-0: Foul Ball, location: 2F
0-1: DOUBLE (Line Drive, 7LS)
Manuel Alonso to third
Runner from 3rd tries for Home, SAFE, no throw
Batting: LHB Manny Hernández 0-0: Ball
1-0: Swinging Strike
1-1: Ball
2-1: Swinging Strike
2-2: Ball
3-2: Foul Ball, location: 2F
3-2: Foul Ball, location: 2F
3-2: Base on Balls
Batting: RHB Marlon Hernández 0-0: Called Strike
0-1: SINGLE (Popup, 6D)
Henry Haines to third
Manny Hernández to second
Runner from 3rd tries for Home, SAFE, no throw
Batting: RHB Domingo Romero 0-0: 3-RUN HOME RUN (Flyball, 7D), Distance : 396 ft
Batting: RHB Víctor Márquez 0-0: Called Strike
0-1: Ball
1-1: Swinging Strike
1-2: Strikes out swinging
Top of the 7th over - 5 runs, 4 hits, 0 errors, 0 left on base; Indiana 12 - Detroit 2
BOTTOM OF THE 7TH
Detroit X-Wings batting - Pitching for Indiana Hounds : LHP Kent Robinson
Batting: LHB Paul Alston 0-0: Foul Ball, location: 2F
0-1: Ball
1-1: Ball
2-1: Called Strike
2-2: Strikes out swinging, 2-3 out at first.
Batting: SHB Jason Mason 0-0: Called Strike
0-1: Foul Ball, location: 2F
0-2: Ground out 5-3 (Groundball, 56)
Batting: RHB Enrique Aguilar 0-0: Ball
1-0: Ball
2-0: Called Strike
2-1: Ground out 6-3 (Groundball, 6)
Bottom of the 7th over - 0 runs, 0 hits, 0 errors, 0 left on base; Indiana 12 - Detroit 2
TOP OF THE 8TH
Indiana Hounds batting - Pitching for Detroit X-Wings : RHP Domingo Rodríguez
Batting: RHB Remi Eruzione 0-0: Foul Ball, location: 2F
0-1: Ball
1-1: Ball
2-1: Foul Ball, location: 2F
2-2: SINGLE (Flyball, 9LS)
Batting: LHB T.J. Richardson 0-0: Ball
1-0: Ball
2-0: Ball
3-0: Called Strike
3-1: Base on Balls
Remi Eruzione to second
Batting: RHB Octávio Zúñiga 0-0: Ball
1-0: Ball
2-0: Ball
3-0: Called Strike
3-1: Base on Balls
Remi Eruzione to third
T.J. Richardson to second
Batting: RHB Manuel Alonso 0-0: Foul Ball, location: 2F
0-1: Ball
1-1: SINGLE (Groundball, 6D)
Remi Eruzione scores
T.J. Richardson to third
Octávio Zúñiga to second
Batting: RHB Henry Haines 0-0: Foul Ball, location: 2F
0-1: SINGLE (Flyball, 7LS)
T.J. Richardson scores
Octávio Zúñiga to third
Manuel Alonso to second
Pitching: RHP Luis Manuel Miranda
Batting: LHB Manny Hernández 0-0: Ball
1-0: Ball
2-0: Ball
3-0: Base on Balls
Octávio Zúñiga scores
Manuel Alonso to third
Henry Haines to second
Batting: RHB Marlon Hernández 0-0: Called Strike
0-1: Fly out, F8 (Flyball, 8RXD)
Runner from 3rd tags up, SCORES, no throw
Batting: RHB Domingo Romero 0-0: Ball
1-0: Ball
Error on foul ball, E7
2-1: Foul Ball, location: 2F
2-2: Ball
3-2: Strikes out looking
Batting: RHB Víctor Márquez 0-0: Fly out, F7 (Flyball, 7S)
Top of the 8th over - 4 runs, 3 hits, 1 error, 2 left on base; Indiana 16 - Detroit 2
BOTTOM OF THE 8TH
Detroit X-Wings batting - Pitching for Indiana Hounds : LHP Kent Robinson
Batting: LHB Juan Jose Pineda 0-0: Foul Ball, location: 2F
0-1: Swinging Strike
0-2: Foul Ball, location: 2F
0-2: Strikes out swinging
Batting: SHB Barrett Bowden 0-0: Foul Ball, location: 2F
0-1: Foul Ball, location: 2F
0-2: Fly out, F8 (Flyball, 89M)
Batting: RHB José Pérez 0-0: Called Strike
0-1: Swinging Strike
0-2: Ball
1-2: Ball
2-2: SINGLE (Line Drive, 9S)
Pitching: RHP Ignacio Medina
Batting: RHB Donato Gozende 0-0: Ground out 4-3 (Groundball, 4D)
Bottom of the 8th over - 0 runs, 1 hit, 0 errors, 1 left on base; Indiana 16 - Detroit 2
TOP OF THE 9TH
Indiana Hounds batting - Pitching for Detroit X-Wings : RHP Luis Manuel Miranda
Batting: RHB Remi Eruzione 0-0: Ball
1-0: Ball
2-0: Ball
3-0: Base on Balls
Batting: LHB T.J. Richardson 0-0: Ball
1-0: Fly out, F8 (Flyball, 8RM)
Pinch Hitting: RHB Juan Jose Guevana 0-0: Swinging Strike
0-1: Foul Ball, location: 2F
0-2: Ball
1-2: Ball
Wild Pitch!
Remi Eruzione to second
2-2: SINGLE (Groundball, 34D)
Remi Eruzione to third
Runner from 3rd tries for Home, SAFE, no throw
Batting: RHB Manuel Alonso 0-0: Called Strike
0-1: Foul Ball, location: 2F
0-2: Ball
1-2: Ball
2-2: Foul Ball, location: 2F
2-2: Fly out, F7 (Line Drive, 78M)
Batting: RHB Henry Haines 0-0: SINGLE (Line Drive, 6D)
Juan Jose Guevana to second
Batting: LHB Manny Hernández 0-0: Called Strike
0-1: Ball
1-1: Foul Ball, location: 2F
1-2: Ball
2-2: Foul Ball, location: 2F
2-2: Ball
3-2: Base on Balls
Juan Jose Guevana to third
Henry Haines to second
Batting: RHB Marlon Hernández 0-0: Ball
1-0: Ball
2-0: Ball
3-0: Base on Balls
Juan Jose Guevana scores
Henry Haines to third
Manny Hernández to second
Batting: RHB Domingo Romero 0-0: Ball
1-0: Ball
2-0: Ball
3-0: Base on Balls
Henry Haines scores
Manny Hernández to third
Marlon Hernández to second
Batting: RHB Víctor Márquez 0-0: Ball
1-0: Ball
2-0: Swinging Strike
2-1: Ball
3-1: Base on Balls
Manny Hernández scores
Marlon Hernández to third
Domingo Romero to second
Batting: RHB Remi Eruzione 0-0: Ball
1-0: Called Strike
1-1: Foul Ball, location: 2F
1-2: SINGLE (Groundball, 6MD)
Marlon Hernández scores
Domingo Romero to third
Víctor Márquez to second
Runner from 3rd tries for Home, SAFE, no throw
Batting: LHB T.J. Richardson 0-0: Called Strike
0-1: Ball
1-1: Called Strike
1-2: Foul Ball, location: 2F
1-2: Ball
2-2: Ball
3-2: Fly out, F7 (Flyball, 78M)
Top of the 9th over - 6 runs, 3 hits, 0 errors, 2 left on base; Indiana 22 - Detroit 2
BOTTOM OF THE 9TH
Detroit X-Wings batting - Pitching for Indiana Hounds : RHP Ignacio Medina
Now at 2B: Anastasio Movonda
Now in LF: Juan Jose Guevana
Batting: RHB Alfredo Villegas 0-0: Ball
1-0: Swinging Strike
1-1: Called Strike
1-2: Foul Ball, location: 2F
1-2: SINGLE (Flyball, 89S)
Batting: RHB Daniel Riddle 0-0: Ball
1-0: Called Strike
1-1: Called Strike
1-2: Foul Ball, location: 2F
1-2: Strikes out swinging
Batting: LHB Paul Alston 0-0: SINGLE (Groundball, 56D)
Alfredo Villegas to second
Batting: SHB Jason Mason 0-0: Called Strike
0-1: Ball
1-1: Ball
2-1: Ball
3-1: Base on Balls
Alfredo Villegas to third
Paul Alston to second
Batting: RHB Enrique Aguilar 0-0: Called Strike
0-1: Ball
1-1: SINGLE (Groundball, 6MD)
Alfredo Villegas scores
Paul Alston to third
Jason Mason to second
Batting: LHB Juan Jose Pineda 0-0: Called Strike
0-1: Called Strike
0-2: Strikes out swinging
Batting: SHB Barrett Bowden 0-0: Ball
1-0: Called Strike
1-1: Ball
2-1: Foul Ball, location: 2F
2-2: Foul Ball, location: 2F
2-2: Strikes out looking
Bottom of the 9th over - 1 run, 3 hits, 0 errors, 3 left on base; Indiana 22 - Detroit 3
Saturday, April 7th, 2018 - OOTP Baseball 18.8 Build 76